 Dungeon Crawl Stone Soup version 0.24.0-28-g17ded55e90 (webtiles) character file.

Game seed: 17490828116677757357, levelgen mode: deterministic

188 95kv the Skirmisher (level 5, -2/46 HPs)
             Began as a Ghoul Berserker on Nov 12, 2019.
             Was a Believer of Trog.
             Killed by divine providence
             ... invoked by an orc priest
              (9 damage)
             ... on level 3 of the Dungeon.
             The game lasted 00:15:25 (2406 turns).

95kv the Skirmisher (Ghoul Berserker)               Turns: 2406, Time: 00:15:25

Health: -2/46      AC: 11    Str: 21    XL:     5   Next: 67%
Magic:  4/4        EV:  8    Int:  6    God:    Trog [**....]
Gold:   112        SH:  0    Dex:  8    Spells: 4/4 levels left

rFire    . . .     SeeInvis .     - Unarmed
rCold    + . .     Gourm    .   (no shield)
rNeg     + + +     Faith    .   d - +0 chain mail
rPois    ∞         Spirit   .   k - +0 helmet {Int+3}
rElec    .         Reflect  .   q - +0 cloak
rCorr    .         Harm     .   (no gloves)
MR       .....                  (no boots)
Stlth    ..........             (no amulet)
HPRegen  0.00/turn              (no ring)
MPRegen  0.09/turn              (no ring)

@: rotting
A: rotting body, claws 1, carnivore, cold resistance 1, negative energy
resistance 3, inhibited regeneration, torment resistance, unbreathing
a: Trog's Hand, Renounce Religion


You were on level 3 of the Dungeon.
You worshipped Trog.
Trog was pleased with you.
You were not hungry.

You visited 1 branch of the dungeon, and saw 3 of its levels.

You collected 112 gold pieces.

Inventory:

Armour
 a - a +0 animal skin
 c - a +0 scale mail
 d - a +0 chain mail (worn)
 k - a +0 helmet of intelligence (worn)
 q - a +0 cloak (worn)
Jewellery
 l - a +6 ring of strength {unknown}
Scrolls
 f - 4 scrolls of identify {unknown}
 g - a scroll of immolation {unknown}
 h - a scroll of remove curse {unknown}
 p - a scroll of enchant armour {unknown}
Potions
 e - 2 potions of ambrosia
 i - a potion of flight {unknown}
 j - a potion of might {unknown}
 m - a potion of haste {unknown}
 n - a potion of brilliance
Comestibles
 b - 6 rations
 o - 12 chunks of flesh


   Skills:
 + Level 4.2 Fighting
 + Level 2.7 Armour
 + Level 2.7 Dodging
 + Level 2.5 Stealth
 + Level 4.2 Unarmed Combat


You had 4 spell levels left.
You didn't know any spells.
Your spell library was empty.

Dungeon Overview and Level Annotations

Branches:
Dungeon (3/15)

Altars:
Dithmenos
Elyvilon
Fedhas
Uskayaw


Innate Abilities, Weirdness & Mutations

Your body is rotting away.
You thrive on raw meat.
You are immune to poison.
You have sharp fingernails.
You are carnivorous and can eat meat at any time.
Your flesh is cold resistant. (rC+)
You are immune to negative energy. (rN+++)
You do not regenerate when monsters are visible.
You are immune to unholy pain and torment.
You can survive without breathing.


Message History

You are too injured to fight recklessly!
You feel the effects of Trog's Hand fading.
You are too injured to fight recklessly!
You are too injured to fight recklessly!
You are too injured to fight recklessly!
You are too injured to fight recklessly!
You scratch the orc priest but do no damage.
The orc priest is lightly wounded.
The orc priest hits you with a +0 short sword.
The orc priest calls upon Beogh to heal the orc priest.
The orc priest's wounds heal themselves!
The orc priest mumbles some strange prayers to Beogh against you.
Beogh smites you!
* * * LOW HITPOINT WARNING * * *
Your skin stops crawling.
You feel less resistant to hostile enchantments.
Found 9 bolts.
The orc priest calls down the wrath of Beogh upon you.
Beogh smites you!
You die...

##.##.####P.##
##.##.#####P..#. .#
...................
......####.##.#.#.#
......####.# .#.#.#
##.........## #.#.#
####.#######.#.#.# #..
#####.#######.#.#.#...(.
................@.......
#####.#########.#.......
#...oo{o..o.######..
#.###########
#####.##### o...o.....#
#####.##### #.# ###


You could see an orc priest.

Vanquished Creatures
  Crazy Yiuf (D:2)
  Terence (D:2)
  Robin (D:2)
  3 adders
  3 oozes
  2 worms (D:2)
  2 dart slugs
  A leopard gecko (D:1)
  An orc (D:3)
  A ball python (D:3)
  3 giant cockroaches
  14 goblins
  11 hobgoblins
  4 jackals (D:1)
  9 bats
  A frilled lizard (D:1)
  5 kobolds (D:1)
  7 rats
70 creatures vanquished.

Notes
Turn   | Place    | Note
-------+----------+-------------------------------------------
     0 | D:1      | 95kv the Ghoul Berserker began the quest for the Orb.
     0 | D:1      | Reached XP level 1. HP: 19/19 MP: 0/0
   119 | D:1      | Reached XP level 2. HP: 23/26 MP: 1/1
   319 | D:1      | Reached skill level 1 in Stealth
   374 | D:1      | Reached XP level 3. HP: 31/31 MP: 2/2
   438 | D:1      | Reached ** piety under Trog
  1018 | D:2      | Noticed Terence
  1030 | D:2      | Killed Terence
  1030 | D:2      | Reached XP level 4. HP: 29/40 MP: 3/3
  1370 | D:2      | Noticed Robin
  1426 | D:2      | Killed Robin
  1426 | D:2      | Reached XP level 5. HP: 26/46 MP: 4/4
  1859 | D:2      | Found a hide-covered altar of Uskayaw.
  1868 | D:2      | Noticed a +0 dagger
  1869 | D:2      | Noticed a +0 hand axe
  1976 | D:2      | Found a runed translucent door.
  1977 | D:2      | Noticed Crazy Yiuf
  2045 | D:2      | Killed Crazy Yiuf
  2358 | D:3      | Found a white marble altar of Elyvilon.
  2358 | D:3      | Found a blossoming altar of Fedhas.
  2360 | D:3      | Found a shadowy altar of Dithmenos.
  2406 | D:3      | Killed from afar by an orc priest

Levels and vault maps discovered:
D:1:      psy_arrival_whirlpool, layout_basic
D:2:      layout_loops_cross, dancing_weapons_uskayaw, first_ration, uniq_robin,
          uniq_terence, uniq_crazy_yiuf_cottage
D:3:      layout_basic, nicolae_qazlal_general_emergency,
          gammafunk_temple_overflow_forgotten, minmay_unequal

Skill      XL: |  1  2  3  4 |
---------------+-------------+-----
Armour         | 2 |  2.7
Dodging        | 2 |  2.7
Stealth        | 1 2 |  2.5
Fighting       | 4 |  4.2
Unarmed Combat | 4 |  4.2

Action                   |  1- 3 |  4- 6 || total
-------------------------+-------+-------++-------
Melee: Unarmed           |   119 |   139 ||   258
       Punch             |     2 |     1 ||     3
Invok: Trog's Hand       |       |     3 ||     3
  Use: Potion            |       |     2 ||     2
  Eat: Chunk             |     5 |     4 ||     9
Armor: Scale mail        |    50 |       ||    50
       Animal skin       |     1 |       ||     1
       Chain mail        |       |    50 ||    50
Dodge: Dodged            |    70 |    49 ||   119
